 Dungeon Crawl Stone Soup version 0.30-a0-222-ge547ba4400 (webtiles) character file.

Game seed: 17870340195984360558

47 BlueGoblin the Magician (level 3, -5/24 HPs)
             Began as a Demonspawn Fire Elementalist on Oct 8, 2022.
             Slain by Jessica
             ... wielding a +0 club
              (7 damage)
             ... on level 3 of the Dungeon.
             The game lasted 00:04:23 (2096 turns).

BlueGoblin the Magician (DsFE)                      Turns: 2096, Time: 00:04:23

Health: -5/24      AC:  2    Str:  8    XL:     3   Next: 48%
Magic:  3/7        EV: 12    Int: 18    God:
Gold:   103        SH:  0    Dex: 13    Spells: 6/7 levels left

rFire   + . .      SeeInvis .    j - staff of fire
rCold   . . .      Faith    .    (no shield)
rNeg    . . .      Spirit   .    a - +0 robe
rPois   .          Reflect  .    (no helmet)
rElec   .          Harm     .    (no cloak)
rCorr   .          Rampage  .    (no gloves)
Will    +....                    (no boots)
Stlth   ++........               (no amulet)
HPRegen 0.24/turn                d - ring of willpower
MPRegen 0.10/turn                (no ring)

@: very slightly contaminated
A: foul stench 1
a: no special abilities


You were on level 3 of the Dungeon.
You visited 1 branch of the dungeon, and saw 3 of its levels.

You collected 103 gold pieces.

Inventory:

Hand Weapons
 c - a +0 sling
Armour
 a - a +0 robe (worn)
Magical Staves
 j - a staff of fire (weapon)
Jewellery
 d - a ring of willpower (left hand)
Potions
 b - a potion of magic
 e - a potion of ambrosia
 f - 2 potions of curing
 g - a potion of flight
 k - a potion of degeneration {unknown}
 m - a potion of attraction {unknown}


   Skills:
 + Level 2.1 Dodging
 - Level 1.7 Stealth
 + Level 2.7 Spellcasting
 - Level 1.0 Conjurations
 * Level 2.0 Hexes
 - Level 2.6 Fire Magic


You had 6 spell levels left.
You knew the following spells:

 Your Spells              Type           Power      Damage    Failure   Level
a - Foxfire               Conj/Fire      52%        2x1d6     8%          1

Your spell library contained the following spells:

 Spells                   Type           Power      Damage    Failure   Level
 Scorch                   Fire           36%        2d6       9%          2
 Inner Flame              Hex/Fire       16%        N/A       19%         3
 Kindle Blastsparks       Fire/Tloc/Air  16%        2d11      34%         3
 Stone Arrow              Conj/Erth      8%         3d7       38%         3
 Flame Wave               Conj/Fire      13%        2d6       61%         4
 Sticky Flame             Conj/Fire      13%        2d4       61%         4
 Animate Armour           Summ/Erth      4%         N/A       86%         4
 Summon Forest            Summ/Tloc      1%         N/A       99%         5
 Eringya's Noxious Bog    Tmut/Pois      1%         N/A       100%        6
 Summon Hydra             Summ           1%         N/A       100%        7
 Lehudib's Crystal Spear  Conj/Erth      2%         10d2      100%        8


Dungeon Overview and Level Annotations

Branches:
Dungeon (3/15)

Altars:

Annotations:
D:3 Jessica


Innate Abilities, Weirdness & Mutations

You may rarely emit foul miasma when damaged in melee.


Message History

Jessica gestures wildly while chanting.
Jessica blinks!
Found a ring mail.
The bat hits you.
Jessica points at you and mumbles some strange words.
You resist with significant effort.
Casting: Foxfire (safe; 8% risk of failure)
Confirm with . or Enter, or press ? or * to list all spells.
You feel a surge of power!
You conjure some foxfire!
The foxfire hits the bat.
You kill the bat!
Jessica closely misses you.
The kobold hits you with a +2 short sword of electrocution.
You are electrocuted!
Unknown command.
Casting: Foxfire (safe; 8% risk of failure)
Confirm with . or Enter, or press ? or * to list all spells.
You feel a surge of power!
You miscast Foxfire.
You are very lightly contaminated with residual magic.
Nothing appears to happen.
The foxfire hits Jessica.
Jessica is heavily wounded.
Jessica shouts, "Stop bothering me, or I'll kill you!"
Jessica hits you with a +0 club.
The kobold hits you with a +2 short sword of electrocution.
Casting: Foxfire (safe; 8% risk of failure)
Confirm with . or Enter, or press ? or * to list all spells.
You feel a surge of power!
You conjure some foxfire!
Jessica hits you with a +0 club.
* * * LOW HITPOINT WARNING * * *
The kobold closely misses you.
Unknown command.
Unknown command.
Jessica attacks as you move away! Jessica hits you but does no damage.
The foxfire hits Jessica.
Jessica is heavily wounded.
The foxfire hits the kobold.
You kill the kobold!
Casting: Foxfire (safe; 8% risk of failure)
Confirm with . or Enter, or press ? or * to list all spells.
You feel a surge of power!
You conjure some foxfire!
Jessica hits you with a +0 club!
You die...

#.# #.# #######
#.# ....... #.#
......[ #.#
.......#####.####
......†.........#
.$$...v@####.##.#
......v@##..<#
........##.###
#####...##.
#...## #.>.#
#.... #.... ##...
#


You could see Jessica (ally target).

Vanquished Creatures
  An adder (D:2)
  2 worms (D:2)
  4 bats
  6 endoplasms
  3 giant cockroaches
  3 goblins
  4 hobgoblins
  A ball python (D:1)
  2 frilled lizards (D:1)
  A kobold (D:3)
  3 rats
30 creatures vanquished.

Vanquished Creatures (others)
  86 foxfires
86 creatures vanquished.

Grand Total: 116 creatures vanquished

Notes
Turn   | Place    | Note
-------+----------+-------------------------------------------
     0 | D:1      | BlueGoblin the Demonspawn Fire Elementalist began the quest
                  | for the Orb.
     0 | D:1      | Reached XP level 1. HP: 13/13 MP: 3/3
   277 | D:1      | Gained mutation: You may rarely emit foul miasma when
                  | damaged in melee. [demonic ancestry]
   277 | D:1      | Reached XP level 2. HP: 19/19 MP: 3/5
   379 | D:1      | Reached skill level 1 in Hexes
   743 | D:1      | Found a faded altar of an unknown god.
  1348 | D:2      | Reached XP level 3. HP: 24/24 MP: 1/6
  2086 | D:3      | Noticed Jessica
  2096 | D:3      | Slain by Jessica

Illustrated notes

Levels and vault maps discovered:
D:1:      eino_arrival_tree_alley, layout_loops_ring,
          shapermc_ecumenical_altar_rom_forum, nicolae_figureground_sparkle
D:2:      layout_basic
D:3:      layout_loops_ring, serial_shops, nicolae_shop_hallway_stairs,
          uniq_jessica, uniq_sigmund

Skill      XL: |  1  2  3 |
---------------+----------+-----
Dodging        | 2 |  2.1
Hexes          | 1 2 |  2.0
Stealth        | |  1.7
Spellcasting   | |  2.7
Conjurations   | |  1.0
Fire Magic     | |  2.6

Action                   || total
-------------------------++-------
Melee: Staff             ||    31
 Fire: Sling             ||    13
 Cast: Foxfire           ||    51
  Use: Scroll            ||     6
       Potion            ||     1
 Stab: Sleeping          ||     1
Armor: Robe              ||    12
Dodge: Dodged            ||    39

Table legend: (Time is in decaauts)
 A = Elapsed time spent in this place.
 B = Non-inter-level travel time spent in this place.
 C = Inter-level travel time spent in this place.
 D = Time resting spent in this place.
 E = Time spent auto-exploring this place.
 F = Levels seen in this place.
 G = Mean time per level.
                   A        B        C        D        E       F      G
               +--------+--------+--------+--------+--------+-----+--------+
         Total |   2105 |   1966 |    139 |     77 |   1610 |   3 |  701.7 |
       Dungeon |   2105 |   1966 |    139 |     77 |   1610 |   3 |  701.7 |
               +--------+--------+--------+--------+--------+-----+--------+

Top non-repeatable levels by time:
     D:2: 1125 daAuts
     D:1: 957 daAuts
     D:3: 22 daAuts
